cohdb
Replays
Latest Replays
All Replays
Popular Replays
Top Player Replays
Match Explorer
How It Works
Community
CoH3 Stats
Reddit
Sign in to upload your games and track your stats! →
Sign in with Steam
Match 41914542
Unlisted
Match 41914542
Overview
Messages
Build Orders
End
Construct Infanterie Kompanie
Grenadier Squad
Grenadier Squad
GrW 34 Mortar Team
Grenadier Squad
Construct Panzergrenadier Kompanie
Pak 40 Anti-tank Gun Team
251 Medium Carrier
Construct Panzer Kompanie
Selects Mechanized Battlegroup
Pak 40 Anti-tank Gun Team
Stoßtruppen Squad
Stoßtruppen Squad
Panzer Officer Quarters
Selects Raid Package
Selects 8 Rad Armored Car
Selects UNKNOWN (2160084)
Panther Heavy Tank
Stoßtruppen Squad
Kanade
打飞医保卡
秃鹫k
Ok.okokok
JDG
Bruckley
Lost
Lord Curzon
0
0
Comments
sign in to comment!
No comments posted yet!